 Dungeon Crawl Stone Soup version 0.19-a0-1167-g79b6552 (webtiles) character file.

23 Jmtri7 the Ducker (level 2, 0/22 HPs)
             Began as a Demonspawn Gladiator on Aug 15, 2016.
             Slain by an adder (3 damage)
             ... on level 2 of the Dungeon.
             The game lasted 00:02:24 (737 turns).

Jmtri7 the Ducker (Demonspawn Gladiator)             Turns: 737, Time: 00:02:25

Health: 0/22       AC:  3    Str: 21    XL:     2   Next: 75%
Magic:  2/2        EV: 13    Int:  9    God:
Gold:   60         SH:  0    Dex: 13    Spells: 0 memorised, 1 level left

rFire  . . .     SeeInvis .     a - +0 long sword
rCold  . . .     Gourm    .     o - +0 robe
rNeg   . . .     Faith    .     (no shield)
rPois  .         Spirit   .     c - +0 helmet
rElec  .         Dismiss  .     (no cloak)
rCorr  .         Reflect  .     (no gloves)
MR     +....     Harm     .     (no boots)
Stlth  +.........               (no amulet)
                                k - +6 ring of strength
                                e - ring of protection from magic

@: no status effects
A: hooves 1
a: no special abilities


You were on level 2 of the Dungeon.
You were not hungry.

You visited 1 branch of the dungeon, and saw 2 of its levels.

You collected 60 gold pieces.

Inventory:

Hand Weapons
 a - a +0 long sword (weapon)
Missiles
 d - 3 throwing nets (quivered)
Armour
 c - a +0 helmet (worn)
 o - a +0 robe (worn)
Jewellery
 e - a ring of protection from magic (left hand)
 k - a +6 ring of strength (right hand)
 n - an uncursed amulet of harm {unknown}
Scrolls
 g - a scroll of fear {unknown}
 h - a scroll of amnesia {unknown}
Potions
 b - a potion of curing {unknown}
 l - a potion of haste {unknown}
 m - a potion of brilliance {unknown}
Comestibles
 f - 2 bread rations
 i - 2 chunks of flesh
 j - 2 meat rations


   Skills:
 - Level 2.0 Fighting
 - Level 2.6 Long Blades
 - Level 1.7 Throwing
 + Level 3.6 Dodging


You had one spell level left.
You didn't know any spells.

Dungeon Overview and Level Annotations

Branches:
Dungeon (2/15)

Altars:
Makhleb


Innate Abilities, Weirdness & Mutations

You have large cloven feet.


Message History

An adder comes into view.
You barely miss the hound. The hound bites you. The hound barely misses you.
You closely miss the hound. You kick the hound, but do no damage.
The hound bites you. The adder bites you. The hound closely misses you.
You riposte.
You barely miss the hound. The adder closely misses you.
You riposte.
You slash the adder! Your kick misses the adder.
The adder is severely wounded.
You hit the adder but do no damage. Your kick misses the adder.
The adder is severely wounded.
The hound misses you. The adder bites you but does no damage.
The hound bites you but does no damage.
You closely miss the adder. Your kick misses the adder.
The adder is severely wounded.
The adder bites you. The hound bites you. The adder closely misses you.
You riposte.
You barely miss the adder. Your kick misses the adder.
The adder is severely wounded.
The hound bites you.
* * * LOW HITPOINT WARNING * * *
The adder bites you.
You die...

### #..# ########
_..## . #......#
...## .# #......##
#.h## .# #.......#
##..# .# #.......#
###S.## .#
#.......####.@.##
.###.......##....##
......<....#....##
.........###...##
...............#
...............#
#####.(........#
#..........#
#..........#


You could see a hound and an adder.

Vanquished Creatures
  A giant gecko (D:1)
  3 bats
  A giant cockroach (D:1)
  3 hobgoblins (D:1)
  5 kobolds
  2 goblins
  7 rats
22 creatures vanquished.

Notes
Turn   | Place    | Note
-------+----------+-------------------------------------------
     0 | D:1      | Jmtri7 the Demonspawn Gladiator began the quest for the Orb.
     0 | D:1      | Reached XP level 1. HP: 16/16 MP: 1/1
   123 | D:1      | Reached skill level 3 in Dodging
   177 | D:1      | Gained mutation: You have large cloven feet. [demonic ancestry]
   177 | D:1      | Reached XP level 2. HP: 16/22 MP: 2/2
   731 | D:2      | Found a burning altar of Makhleb.
   737 | D:2      | Slain by an adder

Vault maps used:
D:1:      minmay_arrival_four_houses, minmay_cupped
D:2:      makhleb_blood_cavern_becter, kennysheep_pointless_box,
          ashenzari_altar_1

Skill      XL: |  1 |
---------------+----+-----
Dodging        | 3 |  3.6
Fighting       | |  2.0
Long Blades    | |  2.6
Throwing       | |  1.7

Action                   || total
-------------------------++-------
Melee: Long sword        ||    79
       Kick              ||    18
Armor: Leather armour    ||     4
       Robe              ||    11
Dodge: Dodged            ||    56
